 Dungeon Crawl Stone Soup version 0.27-a0-695-gb4952372f7 (webtiles) character file.

Game seed: 13757283222989849514

566 funkygono the Chiller (level 7, -12/36 HPs)
             Began as a Gargoyle Ice Elementalist on Mar 21, 2021.
             Mangled by Duvessa
             ... wielding a +5 short sword of speed
              (18 damage)
             ... on level 4 of the Dungeon.
             The game lasted 00:10:40 (4510 turns).

funkygono the Chiller (Gargoyle Ice Elementalist)   Turns: 4510, Time: 00:10:40

Health: -12/36     AC:  9    Str: 12    XL:     7   Next: 32%
Magic:  4/14       EV: 12    Int: 17    God:
Gold:   115        SH:  0    Dex: 10    Spells: 4/15 levels left

rFire    x . .     SeeInvis +   c - +1 whip
rCold    + . .     Faith    .   (no shield)
rNeg     + . .     Spirit   .   a - +1 robe
rPois    ∞         Reflect  .   h - +1 helmet
rElec    +         Harm     .   (no cloak)
rCorr    .         Rampage  .   (no gloves)
Will     .....                  (no boots)
Stlth    ++........             (no amulet)
HPRegen  0.12/turn              f - ring of see invisible
MPRegen  0.14/turn              g - ring of ice

@: frozen ramparts
A: AC +4, negative energy resistance 1, electricity resistance, torment
resistance 1, unbreathing 1, petrification resistance
a: no special abilities


You were on level 4 of the Dungeon.
You visited 1 branch of the dungeon, and saw 4 of its levels.

You collected 115 gold pieces.

Inventory:

Hand Weapons
 b - a +2 dagger of draining
 c - a +1 whip (weapon)
Armour
 a - a +1 robe (worn)
 h - a +1 helmet (worn)
Jewellery
 f - a ring of see invisible (right hand)
 g - a ring of ice (left hand)
Scrolls
 d - a scroll of enchant weapon
 k - a scroll of magic mapping
Potions
 e - 2 potions of curing
 i - 3 potions of cancellation
 j - 2 potions of heal wounds
 l - a potion of ambrosia {unknown}
 n - a potion of mutation {unknown}


   Skills:
 + Level 0.1 Fighting
 + Level 1.7 Dodging
 - Level 2.1 Stealth
 * Level 4.9 Spellcasting
 * Level 1.0 Conjurations
 * Level 6.7 Ice Magic


You had 4 spell levels left.
You knew the following spells:

 Your Spells              Type           Power      Damage    Failure   Level
a - Freeze                Ice            100%       1d11      1%          1
b - Frozen Ramparts       Ice            80%        1d10      2%          3
c - Ozocubu's Armour      Ice            40%        N/A       2%          3
d - Hailstorm             Conj/Ice       26%        3d7       28%         4

Your spell library contained the following spells:

 Spells                   Type           Power      Damage    Failure   Level
 Magic Dart               Conj           28%        1d4       10%         1
 Searing Ray              Conj           14%        3d3       14%         2
 Dazzling Flash           Conj/Hex       10%        N/A       34%         3
 Summon Ice Beast         Ice/Summ       23%        N/A       34%         4
 Fulminant Prism          Conj/Hex       2%         3d6       75%         4
 Iskenderun's Mystic Bla  Conj/Tloc      5%         2d3       75%         4


Dungeon Overview and Level Annotations

Branches:
Dungeon (4/15)
 Temple: D:4-7

Altars:
Cheibriados
Dithmenos
Fedhas
Trog
Wu Jian

Shops:
D:3 (

Annotations:
D:4 Duvessa


Innate Abilities, Weirdness & Mutations

Your stone body is resilient. (AC +4)
You are immune to poison.
You resist negative energy. (rN+)
You are resistant to electric shocks. (rElec)
You are resistant to unholy torment.
You can survive without breathing.
You are immune to petrification.


Message History

Duvessa goes berserk!
The wall freezes the adder.
Duvessa rages.
The wall freezes the adder.
You kill the adder!
The wall freezes Duvessa.
Casting: Frozen Ramparts (dangerous; 2% risk of failure)
Confirm with . or Enter, or press ? or * to list all spells.
Aiming: Freeze (safe; 1% risk of failure)
Press: ? - help, Shift-Dir - straight line, f - Duvessa
Aim: Duvessa, wielding a +5 short sword of speed and wearing a +0 scale mail (lightly wounded, berserk)
You feel a surge of power!
You freeze Duvessa!
Duvessa is moderately wounded.
The wall freezes Duvessa.
Duvessa closely misses you.
The wall freezes Duvessa.
Duvessa closely misses you.
Casting: Freeze (safe; 1% risk of failure)
Confirm with . or Enter, or press ? or * to list all spells.
Aiming: Freeze (safe; 1% risk of failure)
Press: ? - help, Shift-Dir - straight line, f/p - Duvessa
Aim: Duvessa, wielding a +5 short sword of speed and wearing a +0 scale mail (heavily wounded, berserk)
You feel a surge of power!
You freeze Duvessa.
Duvessa is heavily wounded.
The wall freezes Duvessa.
Duvessa hits you with a +5 short sword of speed!
The wall freezes Duvessa.
Duvessa hits you but does no damage.
Casting: Freeze (safe; 1% risk of failure)
Confirm with . or Enter, or press ? or * to list all spells.
Aiming: Freeze (safe; 1% risk of failure)
Press: ? - help, Shift-Dir - straight line, f/p - Duvessa
Aim: Duvessa, wielding a +5 short sword of speed and wearing a +0 scale mail (severely wounded, berserk)
You feel a surge of power!
You freeze Duvessa.
Duvessa is severely wounded.
The wall freezes Duvessa.
Duvessa hits you with a +5 short sword of speed!
The wall freezes Duvessa.
Duvessa hits you with a +5 short sword of speed.
* * * LOW HITPOINT WARNING * * *
The wall freezes Duvessa.
Duvessa hits you with a +5 short sword of speed!!
Ouch! That really hurt!
You die...

.........#..###.###.#........<#..
............#...#.............'..
...........###.##.#...........#..
#####..##.........#....########..
#...+.....................+..
#####.###......##......########..
....#.#........##.....)..#### ###
....#.#.#......##..#.##<##..###..
......#.#......)@..#.##.###.##.##
###...#.#......#e###.##..#.##.##.
#...#.#......#...#.##.#.##.##.#
#>..#.#......###.#....##..###..
#...#.#......# #.####.#########
#...#.#......###.[....##......#
#.....####...........###.....<#
#...### #................#.#..
#...# ##..........###.##.#.#


You could see Duvessa (berserk).

Vanquished Creatures
  An ogre (D:4)
  Dowan (D:4)
  A howler monkey (D:4)
  3 orc priests (D:3)
  2 hounds (D:4)
  2 orc wizards (D:3)
  A worker ant (D:4)
  4 adders
  2 oozes
  An adder skeleton (D:4)
  3 worms (D:2)
  4 dart slugs
  5 leopard geckos
  11 orcs
  8 bats
  3 giant cockroaches
  6 goblins
  9 hobgoblins
  15 jackals
  3 quokkas
  6 frilled lizards
  9 kobolds
  A quokka skeleton (D:3)
  8 rats
109 creatures vanquished.

Notes
Turn   | Place    | Note
-------+----------+-------------------------------------------
     0 | D:1      | funkygono the Gargoyle Ice Elementalist began the quest for
                  | the Orb.
     0 | D:1      | Reached XP level 1. HP: 10/10 MP: 3/3
   378 | D:1      | Reached XP level 2. HP: 12/15 MP: 3/5
   797 | D:1      | Reached XP level 3. HP: 15/19 MP: 4/6
   801 | D:1      | Learned a level 3 spell: Frozen Ramparts
  1474 | D:2      | Learned a level 3 spell: Ozocubu's Armour
  1657 | D:2      | Reached skill level 5 in Ice Magic
  1672 | D:2      | Reached XP level 4. HP: 15/24 MP: 5/8
  2061 | D:2      | Found a shadowy altar of Dithmenos.
  2202 | D:2      | Found a blossoming altar of Fedhas.
  2452 | D:3      | Reached XP level 5. HP: 28/28 MP: 5/9
  2612 | D:3      | Reached skill level 6 in Ice Magic
  2786 | D:3      | Reached XP level 6. HP: 19/32 MP: 4/11
  3004 | D:3      | Learned a level 4 spell: Hailstorm
  3048 | D:3      | Found Pischel's Antique Weapon Shop.
  3516 | D:3      | Found a bloodstained altar of Trog.
  3695 | D:4      | Found a snail-covered altar of Cheibriados.
  3989 | D:4      | Reached XP level 7. HP: 36/36 MP: 9/13
  4064 | D:4      | Identified the +1 scale mail of the Known World {rCorr}
  4088 | D:4      | Found an ornate altar of the Wu Jian Council.
  4213 | D:4      | Reached skill level 1 in Conjurations
  4479 | D:4      | Noticed Dowan
  4488 | D:4      | Killed Dowan
  4505 | D:4      | Noticed Duvessa
  4510 | D:4      | Mangled by Duvessa

Illustrated notes

Levels and vault maps discovered:
D:1:      dpeg_arrival_water_temple_mockup, layout_basic, serial_curves,
          eino_curves_04, eino_curves_04, minmay_tetromino_s2
D:2:      layout_rooms, overflow_temple_1_default,
          nicolae_dithmenos_through_a_glass_darkly
D:3:      layout_basic, nicolae_overflow_hidden_temple, serial_shops, shop,
          kennysheep_potato
D:4:      layout_basic, general_overflow_altar, marbit_many_paths, uniq_duvessa

Skill      XL: |  1  2  3  4  5  6  7 |
---------------+----------------------+-----
Ice Magic      | 5 6 |  6.7
Spellcasting   | 3 4 |  4.9
Conjurations   | 1 |  1.0
Fighting       | |  0.1
Dodging        | |  1.7
Stealth        | |  2.1

Action                   |  1- 3 |  4- 6 |  7- 9 || total
-------------------------+-------+-------+-------++-------
Melee: Whip              |     9 |    14 |       ||    23
 Cast: Freeze            |    55 |    75 |    15 ||   145
       Frozen Ramparts   |     2 |     9 |     3 ||    14
  Use: Scroll            |     1 |     9 |       ||    10
       Potion            |       |     1 |       ||     1
Armor: Robe              |    23 |    13 |     5 ||    41
Dodge: Dodged            |    35 |    50 |     6 ||    91

Table legend: (Time is in decaauts)
 A = Elapsed time spent in this place.
 B = Non-inter-level travel time spent in this place.
 C = Inter-level travel time spent in this place.
 D = Time resting spent in this place.
 E = Time spent auto-exploring this place.
 F = Levels seen in this place.
 G = Mean time per level.
                   A        B        C        D        E       F      G
               +--------+--------+--------+--------+--------+-----+--------+
         Total |   4509 |   4452 |     57 |     31 |   3701 |   4 | 1127.2 |
       Dungeon |   4509 |   4452 |     57 |     31 |   3701 |   4 | 1127.2 |
               +--------+--------+--------+--------+--------+-----+--------+

Top non-repeatable levels by time:
     D:1: 1280 daAuts
     D:3: 1189 daAuts
     D:2: 1072 daAuts
     D:4: 967 daAuts
